 Dungeon Crawl Stone Soup version 0.18-a0-1468-gaf180a1 (webtiles) character file.

1236 namelastname112 the Martial Artist (level 8, 40/63 HPs)
             Began as a Pale Draconian Monk on Mar 1, 2016.
             Was an Elder of Dithmenos.
             Quit the game on level 6 of the Dungeon.
             The game lasted 00:07:05 (4773 turns).

namelastname112 the Martial Artist (DrMo)           Turns: 4773, Time: 00:07:05

Health: 40/63      AC:  6    Str: 13    XL:     8   Next: 24%
Magic:  8/8        EV: 13    Int: 10    God:    Dithmenos [****..]
Gold:   267        SH:  4    Dex: 17    Spells: 0 memorised, 7 levels left

rFire  . . .     SeeInvis .       - Unarmed
rCold  . . .     Gourm    .     (armour unavailable)
rNeg   . . .     Faith    .     (no shield)
rPois  .         Spirit   .     (helmet restricted)
rElec  .         Dismiss  .     (no cloak)
rCorr  .         Reflect  +     (no gloves)
SustAt .         Harm     .     (no boots)
MR     .....                    h - +4 amulet of reflection
Stlth  +++.......               (no ring)
                                (no ring)

@: wreathed by umbra, not resistant to hostile enchantments, fairly stealthy
A: breathe steam, unfitting armour, cold-blooded, AC +6
a: Breathe Steam, Shadow Step, Renounce Religion


You were on level 6 of the Dungeon.
You worshipped Dithmenos.
Dithmenos was greatly pleased with you.
You were hungry.

You visited 1 branch of the dungeon, and saw 6 of its levels.

You collected 267 gold pieces.

Inventory:

Jewellery
 h - a +4 amulet of reflection (around neck)
Wands
 r - a wand of polymorph (7/24)
Scrolls
 b - 8 scrolls of identify
 c - a scroll of immolation {unknown}
 d - 2 scrolls of magic mapping {unknown}
 g - 3 scrolls of fear {unknown}
 i - 3 scrolls of remove curse {unknown}
 k - a scroll of recharging {unknown}
Potions
 e - a potion of ambrosia
 j - 2 potions of heal wounds
 l - a potion of flight
 n - a potion of mutation {unknown}
 q - a potion of brilliance {unknown}
Books
 m - a book of Death

   Spells                             Type                      Level
   a - Corpse Rot                     Necromancy                   2
   b - Sublimation of Blood           Necromancy                   2
   c - Agony                          Necromancy                   5
   d - Dispel Undead                  Necromancy                   5
   e - Excruciating Wounds            Charms/Necromancy            5
   f - Bolt of Draining               Conjuration/Necromancy       5
 o - a book of Annihilations

   Spells                             Type                      Level
   a - Poison Arrow                   Conjuration/Poison           6
   b - Chain Lightning                Conjuration/Air              8
   c - Lehudib's Crystal Spear        Conjuration/Earth            8
   d - Glaciate                       Conjuration/Ice              9
   e - Fire Storm                     Conjuration/Fire             9
 p - Ygedghis's Volume of Vitriolic Attacks
   (You found it on level 5 of the Dungeon)

   Spells                             Type                      Level
   a - Sting                          Conjuration/Poison           1
   b - Dazzling Spray                 Conjuration/Hexes            3
   c - Bolt of Draining               Conjuration/Necromancy       5
   d - Alistair's Intoxication        Transmutation/Poison         5
   e - Poisonous Cloud                Conjuration/Poison/Air       6
Comestibles
 a - 6 bread rations
 f - 4 beef jerkies


   Skills:
 - Level 3.2 Fighting
 - Level 2.6 Dodging
 - Level 1.7 Stealth
 + Level 10.6 Unarmed Combat


You had 7 spell levels left.
You didn't know any spells.

Dungeon Overview and Level Annotations

Branches:
Dungeon (6/15)
 Temple: D:4-7

Altars:
Dithmenos
Gozag
Kikubaaqudgha
Nemelex Xobeh
Pakellas
Sif Muna


Innate Abilities, Weirdness & Mutations

You can breathe blasts of scalding, opaque steam.
Your pale cyan-grey scales are hard (AC +6).
Your body does not fit into most forms of armour.
You are cold-blooded and may be slowed by cold attacks.


Message History

You destroy the giant frog zombie!
Dithmenos accepts your kill.
No target in view!
No target in view!
No target in view!
No target in view!
No target in view!
No target in view!
No target in view!
No target in view!
No target in view!
No target in view!
No target in view!
No target in view!
No target in view!
No target in view!
No target in view!
No target in view!
No target in view!
Are you sure you want to abandon this character and quit the game? (Confirm with "yes".)

#..#####.#...#..##.
####..................
......#..###.#.......#.
.....................#.
.########..##.........#
....## ##........#.#.#
.....#####.......#.#.##
#...##....#...#.#..#
#@........###.#..#
#...........# ..#...
#.####..###.......#. #.
..## ......... . ##.
#..#..... ## ..
........# ..# .....#..#
... .......) .......


There were no monsters in sight!

Vanquished Creatures
  Sigmund (D:4)
  The ghost of namelastname112 the Ruffian, an amateur DrMo (D:4)
  2 ogres
  4 scorpions (D:5)
  A vampire bat (D:3)
  2 crimson imps
  A giant frog zombie (D:6)
  A giant frog skeleton (D:4)
  2 hounds
  An orc priest (D:5)
  A jelly (D:6)
  An orc wizard (D:5)
  2 worker ants (D:5)
  A hound skeleton (D:4)
  4 gnolls
  8 adders
  A shadow imp (D:4)
  An ooze (D:2)
  5 worms
  A dart slug (D:1)
  3 orcs
  2 ball pythons
  A bat skeleton (D:3)
  4 bat zombies (D:3)
  5 giant cockroaches
  6 goblins
  6 hobgoblins
  18 jackals
  8 bats
  A giant gecko skeleton (D:5)
  A giant gecko zombie (D:5)
  2 giant newts
  2 kobolds (D:3)
  7 rats
  A plant (D:2)
108 creatures vanquished.

Vanquished Creatures (others)
  A troll (D:3)
  10 fungi (D:5)
11 creatures vanquished.

Grand Total: 119 creatures vanquished

Notes
Turn   | Place    | Note
--------------------------------------------------------------
     0 | D:1      | namelastname112 the Draconian Monk began the quest for the Orb.
     0 | D:1      | Reached XP level 1. HP: 19/19 MP: 1/1
   341 | D:1      | Reached XP level 2. HP: 21/26 MP: 2/2
   475 | D:2      | Found a faded altar to an unknown god.
   565 | D:2      | Became a worshipper of Dithmenos the Shadowed
   565 | D:2      | Reached * piety under Dithmenos
   565 | D:2      | Reached ** piety under Dithmenos
   726 | D:2      | Reached *** piety under Dithmenos
   734 | D:2      | Reached skill level 5 in Unarmed Combat
   734 | D:2      | Reached XP level 3. HP: 29/31 MP: 3/3
  1643 | D:3      | Reached XP level 4. HP: 20/38 MP: 4/4
  1949 | D:2      | Reached skill level 6 in Unarmed Combat
  2094 | D:3      | Found a shadowy altar of Dithmenos.
  2380 | D:3      | Reached XP level 5. HP: 43/45 MP: 5/5
  2381 | D:3      | Found an ancient bone altar of Kikubaaqudgha.
  2476 | D:3      | Found a deep blue altar of Sif Muna.
  2549 | D:3      | Found an oddly glowing altar of Pakellas.
  2549 | D:3      | Noticed an orange crystal statue
  2550 | D:3      | Noticed a troll
  2564 | D:3      | Killed a troll
  2612 | D:4      | Noticed an ogre
  2612 | D:4      | Noticed namelastname112's ghost (amateur DrMo)
  2678 | D:4      | Noticed Sigmund
  2699 | D:5      | Entered Level 5 of the Dungeon
  2912 | D:5      | Identified Ygedghis's Volume of Vitriolic Attacks
  2953 | D:5      | Reached skill level 7 in Unarmed Combat
  2963 | D:5      | Reached XP level 6. HP: 13/51 MP: 6/6
  3315 | D:5      | Reached **** piety under Dithmenos
  3372 | D:5      | Found an opulent altar of Gozag.
  3614 | D:5      | Reached skill level 8 in Unarmed Combat
  3883 | D:5      | Your scales start taking on a pale cyan-grey colour.
  3883 | D:5      | Reached XP level 7. HP: 49/57 MP: 7/7
  4017 | D:4      | Found a sparkling altar of Nemelex Xobeh.
  4113 | D:4      | Killed namelastname112's ghost
  4113 | D:4      | Reached skill level 9 in Unarmed Combat
  4449 | D:4      | Killed Sigmund
  4449 | D:4      | Reached skill level 10 in Unarmed Combat
  4465 | D:4      | Reached XP level 8. HP: 60/63 MP: 8/8
  4773 | D:6      | Quit the game

Vault maps used:
D:1:      elethiomel_arrival_quiet
D:2:      ecumenical_altar_2, serial_forest, infiniplex_forest_lined_3,
          infiniplex_forest_end_2, infiniplex_forest_clump_diagonal,
          infiniplex_forest_straight_2, infiniplex_forest_clump_curved,
          infiniplex_forest_straight_1, infiniplex_forest_clump_small
D:3:      kennysheep_vampire_church, led_sif_pool, grunt_dithmenos_smoke,
          hangedman_decor_push, gammafunk_pakellas_statue_experiment
D:4:      nemelex_altar_shiori, first_bread, uniq_sigmund
D:5:      old_forge, kennysheep_little_box
D:6:      temple_doors_c, chequers_ossuary_entry_cave, minmay_misc_feat_plants,
          uniq_menkaure

Skill      XL: |  1  2  3  4  5  6  7 |
---------------+----------------------+-----
Unarmed Combat | 5 6 7 8 10 | 10.6
Fighting       | |  3.2
Dodging        | |  2.6
Stealth        | |  1.7

Action                   |  1- 3 |  4- 6 |  7- 9 || total
-------------------------+-------+-------+-------++-------
Melee: Unarmed           |   137 |   179 |    97 ||   413
 Abil: Breathe Steam     |       |       |     2 ||     2
  Use: Scroll            |       |     4 |       ||     4
       Potion            |       |     3 |       ||     3
 Stab: Sleeping          |     2 |     7 |     1 ||    10
       Distracted        |       |       |     1 ||     1
  Eat: Chunk             |     2 |     7 |     3 ||    12
